 Dungeon Sprint DCSS version 0.23.2 (webtiles) character file.

Game seed: 7766365150437686118

137 Quolop the Slasher (level 5, -2/51 HPs)
             Began as a Minotaur Fighter on Apr 11, 2019.
             Was an Initiate of Makhleb.
             Slain by a two-headed ogre
             ... wielding a +0 giant spiked club
              (8 damage)
             ... in the Dungeon (Sprint IX: "|||||||||||||||||||||||||||||").
             The game lasted 00:01:36 (202 turns).

Quolop the Slasher (Minotaur Fighter)                Turns: 202, Time: 00:01:37

Health: -2/51      AC:  8    Str: 22    XL:     5   Next: 0%
Magic:  4/4        EV:  8    Int:  5    God:    Makhleb [......]
Gold:   0          SH: 10    Dex:  9    Spells: 4/4 levels left

rFire    . . .     SeeInvis .   a - +0 long sword
rCold    . . .     Gourm    .   c - +0 shield
rNeg     . . .     Faith    .   s - +1 scale mail
rPois    .         Spirit   .   (helmet restricted)
rElec    .         Reflect  .   (no cloak)
rCorr    .         Harm     .   (no gloves)
MR       .....     NoTele   +   (no boots)
Stlth    ..........             (no amulet)
HPRegen  0.17/turn              (no ring)
MPRegen  0.09/turn              (no ring)

@: no status effects
A: retaliatory headbutt, horns 2
a: Renounce Religion


You were in the Dungeon.
You worshipped Makhleb.
Makhleb was noncommittal.
You were not hungry.

You visited 1 branch

Inventory:

Hand Weapons
 a - a +0 long sword (weapon)
 p - the +2 scimitar "Zuycodoe" {slice, *Contam rPois MP+9}
   (You found it in the Dungeon)

   It inflicts extra damage upon your enemies.
   It protects you from poison.
   It affects your magic capacity (+9).
   It causes magical contamination when unequipped.
Armour
 b - a +0 scale mail
 c - a +0 shield (worn)
 q - a +0 cloak
 r - a +0 pair of gloves
 s - a +1 scale mail (worn)
Jewellery
 t - a +2 ring of evasion
 u - a +3 ring of dexterity
Wands
 o - a wand of iceblast (10)
Scrolls
 k - 2 scrolls of blinking
 m - 3 scrolls of remove curse
 n - 2 scrolls of amnesia
Potions
 d - a potion of might
 e - 5 potions of curing
 g - 3 potions of heal wounds
 h - a potion of haste
 i - 4 potions of magic
 j - a potion of berserk rage
 l - a potion of invisibility
Comestibles
 f - a ration


   Skills:
 + Level 6.4 Fighting
 * Level 7.8 Long Blades
 + Level 6.2 Armour
 + Level 0.2 Dodging
 + Level 6.7 Shields


You had 4 spell levels left.
You didn't know any spells.
Your spell library was empty.

Dungeon Overview and Level Annotations

Branches:
Dungeon (1/1)

Altars:
Cheibriados
Dithmenos
Elyvilon
Fedhas
Gozag
Hepliaklqana
Kikubaaqudgha
Makhleb
Nemelex Xobeh
Okawaru
Qazlal
Ru
Sif Muna
Trog
Uskayaw
Vehumet
Wu Jian
Xom
Yredelemnul
Zin
The Shining One
Beogh
Jiyva
Lugonu


Innate Abilities, Weirdness & Mutations

You reflexively headbutt those who attack you in melee.
You have a pair of horns on your head.


Message History

You block the two-headed ogre's attack.
The two-headed ogre hits you with a +0 giant club!
You hit the two-headed ogre.
The two-headed ogre is moderately wounded.
The two-headed ogre hits you with a +0 giant spiked club!!
* * * LOW HITPOINT WARNING * * *
The two-headed ogre hits you with a +0 giant club!
* * * LOW HITPOINT WARNING * * *
You slash the two-headed ogre! You headbutt the two-headed ogre.
The two-headed ogre is heavily wounded.
The two-headed ogre barely misses you.
You riposte.
You hit the two-headed ogre but do no damage.
Your headbutt misses the two-headed ogre.
The two-headed ogre is heavily wounded.
You block the two-headed ogre's attack.
You hit the two-headed ogre but do no damage.
You headbutt the two-headed ogre!
The two-headed ogre is heavily wounded.
The two-headed ogre hits you with a +0 giant spiked club!
You die...

▓.▓
▓|▓
▓)▓
▓.▓
▓.▓
▓.▓
▓.▓
▓.▓
▓@▓
▓O▓
▓s▓
▓o▓
▓Z▓
▓o▓
▓a▓
▓+▓


You could see a two-headed ogre, an orc warrior, a scorpion, a worker ant, an
orc and a bat skeleton.

Vanquished Creatures
  An ogre (D)
  A crimson imp (D)
  An adder (D)
  A dart slug (D)
  A leopard gecko (D)
  A giant cockroach (D)
  A quokka (D)
  A bat (D)
  A kobold (D)
  A rat (D)
10 creatures vanquished.

Notes
Turn   | Place    | Note
-------+----------+-------------------------------------------
     0 | D        | Quolop the Minotaur Fighter began the quest for the Orb.
     0 | D        | Reached XP level 1. HP: 19/19 MP: 0/0
     9 | D        | Reached skill level 3 in Long Blades
    66 | D        | Noticed a crimson imp
    66 | D        | Noticed an ogre
    74 | D        | Killed an ogre
    74 | D        | Reached skill level 6 in Long Blades
    74 | D        | Reached skill level 5 in Armour
    74 | D        | Reached XP level 2. HP: 21/30 MP: 1/1
    74 | D        | Reached XP level 3. HP: 27/37 MP: 2/2
    74 | D        | Reached XP level 4. HP: 32/44 MP: 3/3
    79 | D        | Reached skill level 7 in Long Blades
    89 | D        | Reached XP level 5. HP: 40/51 MP: 4/4
    96 | D        | Found a roughly hewn altar of Beogh.
    96 | D        | Found a snail-covered altar of Cheibriados.
    96 | D        | Found a shadowy altar of Dithmenos.
    96 | D        | Found a white marble altar of Elyvilon.
    96 | D        | Found a blossoming altar of Fedhas.
    96 | D        | Found an opulent altar of Gozag.
    97 | D        | Found a hazy altar of Hepliaklqana.
    98 | D        | Found a viscous altar of Jiyva.
    99 | D        | Found an ancient bone altar of Kikubaaqudgha.
   100 | D        | Found a corrupted altar of Lugonu.
   101 | D        | Found a burning altar of Makhleb.
   102 | D        | Found a sparkling altar of Nemelex Xobeh.
   103 | D        | Found an iron altar of Okawaru.
   104 | D        | Found a stormy altar of Qazlal.
   105 | D        | Found a sacrificial altar of Ru.
   106 | D        | Found a deep blue altar of Sif Muna.
   107 | D        | Found a bloodstained altar of Trog.
   108 | D        | Found a hide-covered altar of Uskayaw.
   109 | D        | Became a worshipper of Makhleb the Destroyer
   154 | D        | Found a radiant altar of Vehumet.
   155 | D        | Found an ornate altar of the Wu Jian Council.
   156 | D        | Found a shimmering altar of Xom.
   157 | D        | Found a basalt altar of Yredelemnul.
   158 | D        | Found a glowing silver altar of Zin.
   159 | D        | Found a glowing golden altar of the Shining One.
   176 | D        | Got the +2 scimitar "Zuycodoe" {slice, *Contam rPois MP+9}
   197 | D        | Noticed a two-headed ogre
   197 | D        | Noticed an orc warrior
   202 | D        | Slain by a two-headed ogre

Skill      XL: |  1  2  3  4 |
---------------+-------------+-----
Fighting       | 6 |  6.4
Armour         | 5 6 |  6.2
Shields        | 6 |  6.7
Long Blades    | 6 7 |  7.8
Dodging        | |  0.2

Action                   |  1- 3 |  4- 6 || total
-------------------------+-------+-------++-------
Melee: Long sword        |    21 |    19 ||    40
       Headbutt          |     3 |     5 ||     8
Armor: Scale mail        |     5 |     8 ||    13
Dodge: Dodged            |     3 |     8 ||    11
Block: Shield            |    10 |    11 ||    21
       Rpst.: Long sword |       |     3 ||     3
